 Dungeon Crawl Stone Soup version 0.20-a0-492-g6327889 (webtiles) character file.

406 M4edhros the Covert (level 6, -1/38 HPs)
             Began as an Octopode Artificer on Jan 16, 2017.
             Slain by Promi's ghost (10 damage)
             ... on level 4 of the Dungeon.
             The game lasted 00:03:20 (1692 turns).

M4edhros the Covert (Octopode Artificer)            Turns: 1692, Time: 00:03:20

Health: -1/38      AC:  1    Str:  9 (11) XL:     6   Next: 87%
Magic:  8/8        EV: 13    Int: 10 (13) God:
Gold:   53         SH:  0    Dex: 13 (15) Spells: 5/5 levels left

rFire    . . .     SeeInvis .   k - +2 short sword (venom)
rCold    . . .     Gourm    .   (no shield)
rNeg     . . .     Faith    .   (helmet restricted)
rPois    .         Spirit   .   (no amulet)
rElec    .         Reflect  .   (no ring)
rCorr    .         Harm     .   g - ring of loudness (curse)
MR       .....                  (no ring)
Stlth    ++++......             (no ring)
Regen    0.1/turn               (no ring)
                                (no ring)
                                (no ring)
                                (no ring)

@: no status effects
A: almost no armour, stealthy swim, amphibious, 8 rings, constrict 8, camouflage
1, gelatinous body 1
a: no special abilities


You were on level 4 of the Dungeon.
You were not hungry.

You visited 1 branch of the dungeon, and saw 4 of its levels.

You collected 53 gold pieces.

Inventory:

Hand Weapons
 a - a +0 short sword
 k - a +2 short sword of venom (weapon)
Missiles
 i - 16 sling bullets
 l - 53 stones (quivered)
Jewellery
 e - an uncursed ring of ice
 g - a cursed ring of loudness (right tentacle)
Wands
 b - a wand of flame (0/48)
 c - a wand of enslavement (10/24)
 d - a wand of random effects (7/48)
Scrolls
 m - a scroll of amnesia {unknown}
 n - a scroll of identify {unknown}
 o - a scroll of enchant weapon {unknown}
 p - a scroll of remove curse {unknown}
 s - 2 scrolls of noise {unknown}
 t - a scroll of random uselessness {unknown}
 u - a scroll of teleportation {unknown}
Potions
 j - 2 potions of flight
Comestibles
 f - 4 bread rations
 q - 3 fruits


   Skills:
 - Level 1.0 Fighting
 - Level 1.0 Short Blades
 - Level 2.0 Dodging
 + Level 9.8 Stealth
 - Level 3.2 Evocations


You had 5 spell levels left.
You didn't know any spells.

Dungeon Overview and Level Annotations

Branches:
Dungeon (4/15)
 Temple: D:4-7

Altars:
Nemelex Xobeh
Sif Muna
Trog
The Shining One

Annotations:
D:4 Promi's ghost, amateur HuFi


Innate Abilities, Weirdness & Mutations

You cannot wear most types of armour.
You are very stealthy in the water. (Stealth+)
You are amphibious.
You can wear up to eight rings at the same time.
You can use your tentacles to constrict eight enemies at once.
Your skin changes colour to match your surroundings (Stealth+).
Your rubbery body absorbs attacks. (AC +1, EV +1)


Message History

Promi's ghost hits you!
All of the chunks of flesh in your inventory have rotted away.
Unknown command.
It was a potion of flight.
You feel very buoyant.
You fly up into the air.
Promi's ghost barely misses you.
It was a potion of degeneration.
There was something very wrong with that liquid.
You feel weakened.
You feel dopey.
You feel clumsy. Promi's ghost hits you!
* * * LOW HITPOINT WARNING * * *
Evoke which item? (* to show all) (? for menu, Esc to quit)
Okay, then.
Found a bloodstained altar of Trog.
You are starting to lose your buoyancy.
Promi's ghost lets out a mournful wail.
You float gracefully downwards.
Promi's ghost is no longer moving slowly.
Promi's ghost hits you!
You die...

#...........≈≈≈≈§.≈≈≈≈≈.....
...........#§####'####≈.....
.........##### ≈≈.≈≈ ###....
........## §§§.§.≈⌠ ##...
........## #≈.._..≈# ##..
.........## ⌠§.....≈⌠# ##.
..........####≈≈≈≈≈§≈## ##
..........W#####⌠ ⌠### #
...........@.#
....##..........# ..##
##............ .#
###.......... ##.........
###....... ......# .....##


You could see Promi's ghost.

Vanquished Creatures
  A phantom (D:4)
  An ogre (D:4)
  A centaur skeleton (D:4)
  An iguana (D:4)
  A worker ant (D:4)
  A hound skeleton (D:4)
  2 adders
  An adder skeleton (D:4)
  A worm (D:4)
  2 dart slugs (D:2)
  A leopard gecko (D:1)
  A bat (D:2)
  A giant cockroach (D:1)
  3 hobgoblins
  3 kobolds
  A quokka (D:4)
  A ball python (D:2)
  6 frilled lizards
  2 rats (D:2)
31 creatures vanquished.

Vanquished Creatures (collateral kills)
  Grinder (D:4)
1 creature vanquished.

Grand Total: 32 creatures vanquished

Notes
Turn   | Place    | Note
-------+----------+-------------------------------------------
     0 | D:1      | M4edhros the Octopode Artificer began the quest for the Orb.
     0 | D:1      | Reached XP level 1. HP: 13/13 MP: 3/3
    63 | D:1      | Reached skill level 2 in Stealth
   317 | D:1      | first item: 2shitty rings, sword of venom d1
   334 | D:2      | Reached skill level 3 in Stealth
   334 | D:2      | Reached XP level 2. HP: 15/18 MP: 4/4
   439 | D:2      | Reached skill level 4 in Stealth
   456 | D:2      | Reached XP level 3. HP: 23/23 MP: 5/5
   785 | D:4      | Reached skill level 5 in Stealth
   785 | D:4      | Reached XP level 4. HP: 3/28 MP: 6/6
  1067 | D:4      | Noticed a phantom
  1091 | D:4      | Killed a phantom
  1091 | D:4      | Reached skill level 7 in Stealth
  1091 | D:4      | Reached XP level 5. HP: 16/33 MP: 7/7
  1138 | D:4      | Noticed Promi's ghost (amateur HuFi)
  1154 | D:4      | Noticed an ogre
  1167 | D:4      | Killed an ogre
  1167 | D:4      | Reached skill level 8 in Stealth
  1167 | D:4      | Reached XP level 6. HP: 29/38 MP: 8/8
  1260 | D:4      | Found a glowing golden altar of the Shining One.
  1260 | D:4      | Found a deep blue altar of Sif Muna.
  1267 | D:4      | Found a sparkling altar of Nemelex Xobeh.
  1433 | D:4      | Reached skill level 9 in Stealth
  1602 | D:4      | Noticed Grinder
  1603 | D:4      | Paralysed by Grinder for 2 turns
  1649 | D:4      | Killed Grinder
  1676 | D:4      | Found a bloodstained altar of Trog.
  1692 | D:4      | Slain by Promi's ghost

Vault maps used:
D:1:      lemuel_arrival_hallway
D:4:      nemelex_xobeh_ov_fountains_minmay, lightli_temple_of_fire,
          gammafunk_temple_overflow_elements, uniq_grinder

Skill      XL: |  1  2  3  4  5  6 |
---------------+-------------------+-----
Stealth        | 3 4 5 7 8 9 |  9.8
Fighting       | |  1.0
Short Blades   | |  1.0
Dodging        | |  2.0
Evocations     | |  3.2

Action                   |  1- 3 |  4- 6 || total
-------------------------+-------+-------++-------
Melee: Short sword       |    41 |    23 ||    64
       Constrict         |     8 |     5 ||    13
       Tentacles         |     6 |     3 ||     9
Evoke: Wand              |     1 |    27 ||    28
  Use: Potion            |       |     2 ||     2
 Stab: Sleeping          |     6 |     2 ||     8
  Eat: Chunk             |       |     2 ||     2
Armor: Skin              |     2 |       ||     2
Dodge: Dodged            |    18 |    18 ||    36
